 Dungeon Crawl Stone Soup version 0.26-b1-25-gafae2e710b (webtiles) character file.

Game seed: 5874704857865977497

129172 scsoc the Executioner (level 17, -6/243 HPs)
             Began as a Hill Orc Fighter on Jan 4, 2021.
             Was the Champion of Beogh.
             Mangled by a slime creature (7 damage)
             ... on level 3 of the Pits of Slime.
             The game lasted 01:43:30 (26881 turns).

scsoc the Executioner (Hill Orc Fighter)           Turns: 26881, Time: 01:43:31

Health: -6/243     AC: 24    Str: 32    XL:     17   Next: 5%
Magic:  17/17      EV:  2    Int: 15    God:    Beogh [******]
Gold:   1745       SH:  0    Dex: 10    Spells: 16/16 levels left

rFire    . . .     SeeInvis .   t - +9 battleaxe (spect)
rCold    . . .     Faith    .   (shield currently unavailable)
rNeg     + + +     Spirit   .   (armour currently unavailable)
rPois    +         Reflect  .   (helmet currently unavailable)
rElec    .         Harm     .   (cloak currently unavailable)
rCorr    +         Rampage  .   (gloves currently unavailable)
Will     ++...     NoTele   +   (boots currently unavailable)
Stlth    +.........             m - amulet "Gisocom" {Acrobat +Blink Int+7}
HPRegen  0.00/turn              a - +6 ring of strength
MPRegen  0.15/turn              H - ring of resist corrosion

@: confused, tree-form, corroded
A: walk on water, strong-willed 1, inhibited regeneration, MP-powered wands
a: Renounce Religion, Evoke Blink, Smiting, Recall Orcish Followers, Give Item
to Named Follower, Resurrection


You were on level 3 of the Pits of Slime.
You worshipped Beogh.
Beogh was exalted by your worship.
You were a tree.
You visited 3 branches of the dungeon, and saw 24 of its levels.
You also visited: Bailey.

You collected 1745 gold pieces.

Inventory:

Hand Weapons
 t - a +9 spectral battleaxe (weapon)
 O - a +4 scimitar of flaming
Armour
 q - a +2 cloak of poison resistance (melded)
 z - a +2 helmet of intelligence (melded)
 C - a +2 chain mail
 F - a +2 pair of gloves of archery (melded)
 G - the +7 gold dragon scales of the Tortoise (melded) {rPois rF+ rC+ Str+2}
   (You found it in a bailey)

   It affects your strength (+2).
   It protects you from fire.
   It protects you from cold.
   It protects you from poison.
 M - a +2 pair of boots (melded)
Jewellery
 a - a +6 ring of strength (left branch)
 c - an uncursed ring of willpower
 j - an uncursed ring of fire
 m - the amulet "Gisocom" (around neck) {Acrobat +Blink Int+7}
   (You acquired it on level 7 of the Dungeon)

   [amulet of the acrobat]

   It helps you evade while moving and waiting.
   It affects your intelligence (+7).
   It lets you blink.
 n - a +6 ring of strength
 s - an uncursed ring of protection from cold
 H - a ring of resist corrosion (right branch)
 T - an uncursed ring of positive energy
Wands
 b - a wand of polymorph (24)
 d - a wand of iceblast (7)
 B - a wand of digging (17)
 D - a wand of flame (16)
 E - a wand of disintegration (42)
 I - a wand of acid (27)
Scrolls
 e - 12 scrolls of teleportation
 g - 6 scrolls of enchant weapon
 i - 10 scrolls of identify
 k - 8 scrolls of remove curse
 l - 3 scrolls of blinking
 o - a scroll of summoning
 w - 3 scrolls of enchant armour
 x - 6 scrolls of magic mapping
 y - 3 scrolls of fear
 A - 6 scrolls of fog
 P - a scroll of brand weapon
Potions
 f - 3 potions of heal wounds
 h - a potion of invisibility
 p - 2 potions of berserk rage
 r - 4 potions of might
 u - a potion of haste
 v - a potion of ambrosia
 J - a potion of resistance
 K - 3 potions of curing
 L - a potion of lignification
 N - 2 potions of flight
 Q - a potion of cancellation


   Skills:
 + Level 17.4 Fighting
 + Level 6.0 Long Blades
 + Level 22.9 Axes
 + Level 14.4 Armour
 + Level 2.6 Dodging
 + Level 3.7 Stealth
 + Level 9.6 Shields
 + Level 1.5 Evocations


You had 16 spell levels left.
You didn't know any spells.
Your spell library contained the following spells:

 Spells                   Type           Power        Failure   Level
 Corona                   Hex            0%           26%         1
 Magic Dart               Conj           0%           26%         1
 Sandblast                Erth           0%           26%         1
 Shock                    Conj/Air       0%           26%         1
 Passwall                 Tmut/Erth      0%           38%         2
 Poisonous Vapours        Pois/Air       0%           38%         2
 Searing Ray              Conj           0%           38%         2
 Slow                     Hex            0%           38%         2
 Swiftness                Air            0%           38%         2
 Confusing Touch          Hex            0%           63%         3
 Dazzling Flash           Conj/Hex       0%           63%         3
 Gell's Gravitas          Tloc           0%           63%         3
 Inner Flame              Hex/Fire       0%           63%         3
 Portal Projectile        Hex/Tloc       0%           63%         3
 Static Discharge         Conj/Air       0%           63%         3
 Stone Arrow              Conj/Erth      0%           63%         3
 Airstrike                Air            0%           95%         4
 Cause Fear               Hex            0%           95%         4
 Fulminant Prism          Conj/Hex       0%           95%         4
 Iskenderun's Mystic Bla  Conj/Tloc      0%           95%         4
 Leda's Liquefaction      Hex/Erth       0%           95%         4
 Petrify                  Tmut/Erth      0%           95%         4
 Summon Lightning Spire   Summ/Air       0%           95%         4
 Lee's Rapid Deconstruct  Erth           0%           100%        5
 Lightning Bolt           Conj/Air       0%           100%        5
 Metabolic Englaciation   Hex/Ice        0%           100%        5
 Summon Mana Viper        Hex/Summ       0%           100%        5
 Yara's Violent Unravell  Hex/Tmut       0%           100%        5


Dungeon Overview and Level Annotations

Branches:
Dungeon (15/15)            Temple (0/1) D:4            Lair (6/6) D:11
 Shoals (0/4) Lair:3       Spider (0/4) Lair:3        Slime (3/5) Lair:6
    Orc (0/2) D:12         Vaults (0/5) D:14         Depths (0/5) D:15
 Bailey (visited)

Altars:
Cheibriados
Dithmenos
Fedhas
Hepliaklqana
Nemelex Xobeh
Okawaru
Vehumet
Xom
Zin
Jiyva

Shops:
D:10 }   D:14 }

Annotations:
D:2 exclusion: oklob plant
D:7 exclusion: statue
Lair:6 exclusion: oklob plant


Innate Abilities, Weirdness & Mutations

You can walk on water.
((You have sharp toenails.))
You are strong-willed. (Will+)
You do not regenerate when monsters are visible.
You expend magic power (3 MP) to strengthen your wands.


Message History

Your +2 helmet of intelligence melds into your body.
Your +2 pair of gloves of archery melds into your body.
Your +2 pair of boots melds into your body.
The +7 gold dragon scales of the Tortoise {rPois rF+ rC+ Str+2} melds into your body.
You no longer feel resistant to poison.
You feel stupid.
Your aim is not that steady anymore.
Your roots penetrate the ground.
The golden eye blinks at you. You resist with almost no effort.
The acid blob hits you.
* * * LOW HITPOINT WARNING * * *
You are splashed with acid.
You resist.
* * * LOW HITPOINT WARNING * * *
The acid blob spits acid at you. The splash of acid hits you. You resist.
* * * LOW HITPOINT WARNING * * *
You are splashed with acid!
You resist.
* * * LOW HITPOINT WARNING * * *
The acid blob hits you but does no damage.
The slime creature hits you!
You die...

##################
......#.##.........
...................
......#.##.........
#.......##....#....
.........§.........
......JJ....G...#
......J♣J..<.#.##
......GJJ.....#
.......J.......#
.........<.......
..................#
.........#........#
..............#..##
...#.............#


You could see 3 acid blobs, a large slime creature, 3 slime creatures and 2
golden eyes.

Vanquished Creatures
  Dissolution (Slime:2)
  4 acid blobs
  4 azure jellies
  Nessos (Lair:5)
  2 entropy weavers (Lair:6)
  The ghost of handsome the Martial Artist, a journeyman OpEE of Xom (Lair:4)
  A death ooze (Slime:3)
  The ghost of Jeban the Spear-Bearer, a journeyman OpFi of Gozag (Lair:5)
  2 great orbs of eyes
  A vault guard (D:14)
  A rakshasa (D:15)
  7 hydras
  A catoblepas (Lair:6)
  Erica (Lair:2)
  A boulder beetle (Lair:2)
  A queen ant (Lair:6)
  6 death yaks (Lair:6)
  A two-headed ogre (D:13)
  2 tengu warriors
  2 centaur warriors (D:15)
  3 skeletal warriors (D:15)
  3 unseen horrors
  2 wizards (D:14)
  2 necromancers (D:14)
  The ghost of growler the Zephyrmancer, a novice TeAE of Gozag (D:7)
  An orb spider (Lair:3)
  3 oklob plants (Lair:4)
  3 ugly things (D:14)
  2 cyclopes
  2 shining eyes
  3 manticores
  5 black mambas
  7 elephants
  A guardian serpent (shapeshifter) (D:15)
  A merfolk siren (Lair:3)
  A torpor snail (Lair:6)
  3 gargoyles
  5 eyes of devastation
  13 cane toads
  5 centaur skeletons
  A kobold demonologist (D:15)
  2 efreet
  3 rime drakes
  9 komodo dragons
  2 tengu conjurers
  7 trolls
  8 polar bears
  A queen bee (Lair:3)
  A hornet (D:14)
  43 slime creatures
  Prince Ribbit (D:7)
  2 dream sheep (Lair:6)
  2 blink frogs
  A vampire (D:15)
  14 humans (D:14)
  62 yaks
  6 basilisks
  6 wraiths
  6 wyverns
  11 golden eyes
  2 wargs (D:11)
  2 vampire mosquitoes (D:13)
  2 acid dragons
  21 soldier ants (Lair:6)
  16 water moccasins
  10 orc warriors
  A floating eye (Slime:2)
  3 ice beasts
  9 black bears
  3 sky beasts
  A necrophage (D:6)
  6 phantoms
  9 ogres
  19 wolves
  5 boggarts (D:15)
  4 eyes of draining
  16 centaurs
  18 bullfrogs
  8 big kobolds
  A wyvern zombie (D:8)
  A gnoll sergeant (D:9)
  A scorpion (D:5)
  35 killer bees
  11 wights
  An electric eel (Lair:2)
  A howler monkey (D:4)
  A centaur zombie (D:10)
  3 bullfrog zombies
  3 orc priests
  A bullfrog skeleton (D:10)
  3 hounds
  15 orc wizards
  A gnoll shaman (D:5)
  2 iguanas
  23 worker ants
  A killer bee zombie (D:6)
  A hound zombie (D:5)
  A worker ant zombie (D:7)
  Robin (D:2)
  12 adders
  9 gnolls
  2 shadow imps
  11 white imps
  An ufetubus (D:7)
  4 adder skeletons
  5 worms
  4 dart slugs
  5 leopard geckos
  37 orcs
  6 giant cockroaches
  14 goblins
  9 hobgoblins
  10 jackals
  19 kobolds
  3 ball pythons
  3 bats
  2 frilled lizards
  A jackal zombie (D:5)
  A leopard gecko zombie (D:5)
  11 rats
726 creatures vanquished.

Vanquished Creatures (collateral kills)
  Jorgrun (D:12)
  A fire giant (D:15)
  Josephine (Lair:4)
  A vault guard (D:14)
  2 hydras (Lair:6)
  Erolcha (D:13)
  3 catoblepae (Lair:6)
  A centaur warrior (D:13)
  A death yak (Lair:6)
  A tengu warrior (D:15)
  Sonja (D:12)
  An unseen horror (D:13)
  A wizard (D:14)
  A lindwurm (Lair:6)
  A cyclops (D:15)
  3 ugly things
  An oklob plant (Lair:4)
  A slime creature (D:11)
  2 manticores
  2 centaur skeletons
  4 cane toads
  A rime drake (Lair:4)
  2 trolls
  A polar bear (Lair:3)
  A hornet (D:15)
  6 yaks
  2 wyverns
  4 humans (D:14)
  3 water moccasins
  5 soldier ants
  A sky beast (D:13)
  2 eyes of draining
  An orc warrior (D:12)
  3 wolves
  2 wights (D:12)
  6 killer bees
  A bullfrog skeleton (D:13)
  A hound (D:13)
  2 worker ants
  2 white imps (Lair:4)
  4 orcs
  5 kobolds (D:12)
86 creatures vanquished.

Vanquished Creatures (others)
  An orc warlord (Slime:1)
  An orc sorcerer (D:14)
  An orc high priest (D:14)
  3 orc wizards
  2 orc warriors
  3 big kobolds (D:7)
  12 orcs
  51 fungi
  104 plants
178 creatures vanquished.

Grand Total: 990 creatures vanquished

Notes
Turn   | Place    | Note
-------+----------+-------------------------------------------
     0 | D:1      | scsoc the Hill Orc Fighter began the quest for the Orb.
     0 | D:1      | Reached XP level 1. HP: 19/19 MP: 1/1
    55 | D:1      | Reached XP level 2. HP: 27/27 MP: 2/2
   252 | D:1      | Reached skill level 3 in Axes
   380 | D:1      | Reached XP level 3. HP: 33/33 MP: 3/3
   738 | D:2      | Noticed Robin
   753 | D:2      | Killed Robin
   754 | D:2      | Reached skill level 4 in Axes
   754 | D:2      | Reached XP level 4. HP: 12/40 MP: 4/4
  1480 | D:2      | Found a blossoming altar of Fedhas.
  1493 | D:2      | Noticed an oklob plant
  1794 | D:3      | Reached skill level 5 in Axes
  1794 | D:3      | Reached XP level 5. HP: 34/46 MP: 5/5
  2477 | D:4      | Noticed an ogre
  2489 | D:4      | Killed an ogre
  2490 | D:4      | Reached XP level 6. HP: 28/52 MP: 6/6
  2860 | D:4      | Found a hazy altar of Hepliaklqana.
  2875 | D:4      | Reached skill level 6 in Axes
  2892 | D:4      | Found a staircase to the Ecumenical Temple.
  2918 | D:4      | Noticed an orc warrior
  2951 | D:3      | Killed an orc warrior
  3079 | D:4      | Reached skill level 7 in Axes
  3079 | D:4      | Reached XP level 7. HP: 52/60 MP: 7/7
  3080 | D:4      | Reached skill level 5 in Armour
  3171 | D:4      | Found a shimmering altar of Xom.
  3373 | D:5      | Entered Level 5 of the Dungeon
  3608 | D:5      | Reached skill level 1 in Dodging
  4024 | D:5      | Reached skill level 8 in Axes
  4380 | D:6      | Identified the Disquisition on Creative Toxins
  4399 | D:6      | Reached XP level 8. HP: 67/67 MP: 8/8
  4418 | D:6      | Reached skill level 5 in Fighting
  4540 | D:6      | Reached skill level 9 in Axes
  4545 | D:6      | Reached skill level 5 in Shields
  4605 | D:6      | Found a shadowy altar of Dithmenos.
  4991 | D:6      | Found a glowing silver altar of Zin.
  5030 | D:6      | Became a worshipper of Beogh the Brigand
  5089 | D:6      | Reached skill level 10 in Axes
  5096 | D:6      | Reached XP level 9. HP: 61/75 MP: 9/9
  5890 | D:7      | Found a snail-covered altar of Cheibriados.
  5893 | D:7      | Noticed Prince Ribbit
  5989 | D:7      | Found a radiant altar of Vehumet.
  6030 | D:7      | Found a runed translucent gate.
  6030 | D:7      | Found a runed translucent gate.
  6030 | D:7      | Noticed growler's ghost (novice TeAE)
  6038 | D:7      | Found a runed translucent gate.
  6091 | D:7      | Reached * piety under Beogh
  6093 | D:7      | Killed growler's ghost
  6094 | D:7      | Reached skill level 11 in Axes
  6562 | D:7      | Killed Prince Ribbit
  6634 | D:7      | Found an iron altar of Okawaru.
  6973 | D:7      | Reached skill level 1 in Evocations
  7351 | D:7      | Identified a scroll of acquirement
  7351 | D:7      | Acquired the amulet "Gisocom" {Acrobat +Blink Int+7}
  7423 | D:8      | Reached XP level 10. HP: 66/84 MP: 10/10
  7548 | D:8      | Reached skill level 12 in Axes
  8668 | D:9      | Found a flagged portal.
  8699 | Bailey   | Entered a bailey
  8717 | Bailey   | Reached ** piety under Beogh
  8948 | Bailey   | Noticed an orc knight
  8990 | Bailey   | Got faintly glowing gold dragon scales
  9256 | Bailey   | Identified the +7 gold dragon scales of the Tortoise {rPois
                  | rF+ rC+ Str+2} (You found it in a bailey)
  9794 | D:10     | Entered Level 10 of the Dungeon
  9836 | D:10     | Reached skill level 1 in Stealth
  9854 | D:10     | Reached skill level 13 in Axes
  9872 | D:10     | Killed an unseen horror
 10145 | D:10     | Reached XP level 11. HP: 92/92 MP: 11/11
 10209 | D:10     | Reached *** piety under Beogh
 10358 | D:10     | Killed an unseen horror
 10359 | D:10     | Reached skill level 14 in Axes
 10927 | D:10     | Found Pixyihak's Gadget Emporium.
 11247 | D:11     | Found a staircase to the Lair.
 11330 | D:11     | Reached **** piety under Beogh
 11365 | D:11     | Found a sparkling altar of Nemelex Xobeh.
 11731 | D:11     | Reached skill level 15 in Axes
 11823 | D:11     | Noticed a tengu warrior
 11846 | D:11     | Killed a tengu warrior
 12346 | D:12     | Reached XP level 12. HP: 87/105 MP: 12/12
 12681 | D:12     | Reached skill level 16 in Axes
 12848 | D:12     | Reached ***** piety under Beogh
 12937 | D:12     | Reached skill level 10 in Fighting
 12937 | D:12     | Found a staircase to the Orcish Mines.
 13036 | D:12     | Noticed Sonja
 13058 | D:12     | Killed Sonja
 13364 | D:12     | Noticed Jorgrun
 13380 | D:12     | Killed Jorgrun
 13847 | D:13     | Noticed a tengu warrior
 13853 | D:13     | Noticed a two-headed ogre
 13856 | D:13     | Killed a tengu warrior
 13857 | D:13     | Reached skill level 17 in Axes
 13859 | D:13     | Killed a two-headed ogre
 13860 | D:13     | Reached skill level 10 in Armour
 13957 | D:13     | Gained Wardok as an ally
 14304 | D:13     | Noticed Erolcha
 14315 | D:13     | Killed Erolcha
 14333 | D:13     | Reached XP level 13. HP: 114/115 MP: 13/13
 14390 | D:13     | Reached skill level 18 in Axes
 15373 | D:14     | Gained Zartorak as an ally
 15454 | D:14     | Found a gate to the Vaults.
 15454 | D:14     | Noticed a vault guard
 15454 | D:14     | Noticed a vault guard
 15459 | D:14     | Killed a vault guard
 15460 | D:14     | Reached skill level 19 in Axes
 15463 | D:14     | Killed a vault guard
 15646 | D:14     | Your ally Wardok died
 15989 | D:14     | Found Xyuwais's Gadget Boutique.
 16325 | D:15     | Entered Level 15 of the Dungeon
 16327 | D:15     | Noticed a rakshasa
 16343 | D:15     | Killed a rakshasa
 16622 | D:15     | Found a staircase to the Depths.
 16622 | D:15     | Noticed a fire giant
 16640 | D:15     | Killed a fire giant
 16650 | D:15     | Reached XP level 14. HP: 73/126 MP: 14/14
 16922 | D:15     | Reached skill level 1 in Long Blades
 16992 | D:15     | Reached ****** piety under Beogh
 16993 | D:15     | Reached skill level 20 in Axes
 17746 | Lair:1   | Entered Level 1 of the Lair of Beasts
 17993 | Lair:1   | You fall into a shaft and drop 1 floor!
 18898 | Lair:2   | Noticed Erica
 18909 | Lair:2   | Killed Erica
 20252 | Lair:3   | Found a staircase to the Shoals.
 20436 | Lair:3   | Found a hole to the Spider Nest.
 20616 | Lair:3   | Gained mutation: You are frail. (-10% HP) [potion of
                  | mutation]
 20616 | Lair:3   | Gained mutation: You are somewhat resistant to further
                  | mutation. [potion of mutation]
 20617 | Lair:3   | Gained mutation: You have sharp toenails. [potion of
                  | mutation]
 20617 | Lair:3   | Gained mutation: You possess an exceptional clarity of
                  | mind. [potion of mutation]
 20642 | Lair:4   | Noticed Josephine
 20648 | Lair:4   | Killed Josephine
 20649 | Lair:4   | Reached XP level 15. HP: 84/122 MP: 15/15
 20798 | Lair:4   | Reached skill level 21 in Axes
 21141 | Lair:4   | Found a runed translucent door.
 21141 | Lair:4   | Noticed handsome's ghost (journeyman OpEE)
 21154 | Lair:4   | Killed handsome's ghost
 21390 | Lair:4   | Found a frozen archway.
 21451 | Lair:4   | Lost mutation: You are frail. (-10% HP) [potion of
                  | mutation]
 21451 | Lair:4   | Lost mutation: You possess an exceptional clarity of mind.
                  | [potion of mutation]
 21451 | Lair:4   | Lost mutation: You are somewhat resistant to further
                  | mutation. [potion of mutation]
 21451 | Lair:4   | Gained mutation: You expend magic power (3 MP) to
                  | strengthen your wands. [potion of mutation]
 21451 | Lair:4   | Gained mutation: You are strong-willed. (Will+) [potion of
                  | mutation]
 21954 | Lair:5   | Found a runed translucent door.
 21954 | Lair:5   | Noticed Jeban's ghost (journeyman OpFi)
 21969 | Lair:5   | Killed Jeban's ghost
 22406 | Lair:5   | Noticed Nessos
 22415 | Lair:5   | Killed Nessos
 22416 | Lair:5   | Reached skill level 15 in Fighting
 22890 | Lair:6   | Entered Level 6 of the Lair of Beasts
 22968 | Lair:6   | Reached skill level 5 in Long Blades
 23731 | Lair:6   | Found a viscous altar of Jiyva.
 23731 | Lair:6   | Found a staircase to the Slime Pits.
 23903 | Lair:6   | Reached XP level 16. HP: 126/151 MP: 16/16
 24287 | Lair:6   | Reached skill level 22 in Axes
 24613 | Slime:1  | Entered Level 1 of the Pits of Slime
 24613 | Slime:1  | Noticed an acid blob
 24629 | Slime:1  | Your ally Zartorak died
 24637 | Slime:1  | Killed an acid blob
 24755 | Slime:1  | Noticed an azure jelly
 24762 | Slime:1  | Killed an azure jelly
 24991 | Slime:2  | Noticed an acid blob
 24996 | Slime:2  | Noticed an azure jelly
 24997 | Slime:2  | Killed an acid blob
 25012 | Slime:1  | Killed an azure jelly
 25410 | Slime:2  | Noticed an azure jelly
 25416 | Slime:2  | Killed an azure jelly
 25416 | Slime:2  | Gained mutation: You do not regenerate when monsters are
                  | visible. [a shining eye]
 25681 | Slime:2  | Noticed an azure jelly
 25695 | Slime:2  | Killed an azure jelly
 25739 | Slime:1  | Noticed an acid blob
 25743 | Slime:1  | Killed an acid blob
 26203 | Slime:2  | Noticed an acid blob
 26210 | Slime:2  | Killed an acid blob
 26385 | Slime:2  | Found a viscous altar of Jiyva.
 26556 | Slime:3  | Noticed Dissolution
 26573 | Slime:2  | Killed Dissolution
 26574 | Slime:2  | Reached XP level 17. HP: 59/162 MP: 17/17
 26862 | Slime:3  | Noticed an acid blob
 26870 | Slime:3  | Noticed an acid blob
 26871 | Slime:3  | Noticed an acid blob
 26881 | Slime:3  | HP: 12/243 [acid (2)]
 26881 | Slime:3  | HP: 1/243 [acid (8)]
 26881 | Slime:3  | Mangled by a slime creature

Illustrated notes

Levels and vault maps discovered:
D:1:      zelgadis_glass_arrival_small, layout_basic
D:2:      layout_rooms, tgw_fedhas, serial_bayou_lagoon_a, minmay_tromino_v4_c,
          uniq_robin
D:3:      layout_basic, serial_aquarium, aquarium_bridge_straight
          [aquarium_subvault_bridge, aquarium_subvault_wall,
          aquarium_subvault_bridge, aquarium_subvault_balcony],
          aquarium_window_fake, aquarium_window_fake, aquarium_view_2d,
          aquarium_view_2d
D:4:      layout_cave_pools, nicolae_overflow_crystal_walls,
          overflow_temple_1_default, minmay_temple_entry_statues_fountains,
          uniq_sigmund
D:5:      layout_loops_ring
D:6:      layout_cave_pods, zin_academy, nicolae_overflow_hidden_temple,
          hangedman_decor_lopped, kennysheep_pointless_box,
          hangedman_decor_opposing
D:7:      layout_layer_cave, overflow_temple_1_default, vehumet_statue,
          kennysheep_mini_moat, gammafunk_ghost_nasty_kobolds,
          uniq_crazy_yiuf_cottage, uniq_prince_ribbit1
D:8:      layout_loops_ring, minmay_misc_feat_ornament
D:9:      layout_roguey, enter_bailey_5
D:10:     kennysheep_ambush_hall, layout_basic, serial_shops,
          nicolae_shop_waterfront
D:11:     layout_roguey, erik_lair_orcish_takeover,
          nemelex_xobeh_ov_fountains_minmay
D:12:     layout_gridville, david_orc_2, serial_co_window_serial,
          co_window_paths_a, co_window_of_opportunity_a, co_window_paths_b,
          co_window_paths_b, co_window_corner_a, co_window_2corner,
          co_window_corner_b, co_window_corner_b, co_window_corner_cb,
          uniq_jorgrun, uniq_sonja
D:13:     layout_rooms, uniq_erolcha
D:14:     cheibrodos_elevator_heist, layout_basic, grunt_vaults_entry_tiered,
          minmay_staircase_bubble, serial_shops, shop, minivault_25_ag
D:15:     grunt_enter_depths_giant_problem, layout_stronghold,
          minmay_misc_feat_square
Lair:1:   beast_lair_carwin_large_3, layout_cave_pods
Lair:2:   layout_loops_ring, serial_bayou, serial_bayou_pond_e,
          serial_bayou_shore_a, serial_bayou_pond_b, serial_bayou_lagoon_b,
          serial_bayou_shore_b, uniq_erica
Lair:3:   regret_index_tunnel_blossom, layout_chaotic_city,
          minmay_shoals_entry_lonely_mermaid, nicolae_spider_entry_orb_guardian
Lair:4:   layout_hall_layers, portal_ice_cave_entry_imps, gammafunk_ghost_grave,
          lemuel_fruit_tree, minmay_lair_oklob_chamber, uniq_josephine
Lair:5:   layout_cave_pods, hellmonk_ghost_happy_afterlife,
          serial_bayou_shore_b, uniq_nessos
Lair:6:   evilmike_catoblepas_cave, layout_gridlike,
          dpeg_slime_entry_enclosed_altar, minivault_29
Slime:1:  layout_caves
Slime:2:  layout_caves, basic_altar, nicolae_slime_round_cave
Slime:3:  layout_caves, dissolution_awaits

Skill      XL: |  1  2  3  4  5  6  7  8  9 10 11 12 13 14 15 16 |
---------------+-------------------------------------------------+-----
Axes           | 3 4 5 7 8 10 11 13 15 17 19 20 21 22 | 22.9
Fighting       | 4 5 6 7 9 10 12 14 15 17 | 17.4
Armour         | 4 5 6 7 8 9 10 11 12 13 14 | 14.4
Shields        | 4 5 7 8 9 |  9.6
Dodging        | 1 2 |  2.6
Evocations     | 1 |  1.5
Stealth        | 1 2 3 |  3.7
Long Blades    | 4 5 6 |  6.0

Action                   |  1- 3 |  4- 6 |  7- 9 | 10-12 | 13-15 | 16-18 || total
-------------------------+-------+-------+-------+-------+-------+-------++-------
Melee: War axe           |    76 |   148 |   344 |   394 |       |       ||   962
       Battleaxe         |       |       |       |   249 |   723 |   161 ||  1133
       Scimitar          |       |       |       |       |    59 |       ||    59
Invok: Convert to Beogh  |       |       |     1 |       |       |       ||     1
       Give Item to Name |       |       |       |       |     1 |       ||     1
Evoke: Wand              |       |       |    13 |    10 |       |       ||    23
  Use: Scroll            |     7 |     3 |     5 |     4 |    20 |     1 ||    40
       Potion            |     2 |     2 |    14 |     2 |     4 |     1 ||    25
 Stab: Distracted        |       |       |       |     2 |    10 |     2 ||    14
       Confused          |       |       |       |     1 |       |       ||     1
Armor: Scale mail        |    28 |    49 |       |       |       |       ||    77
       Chain mail        |       |    15 |   195 |    37 |       |       ||   247
       Gold dragon scale |       |       |       |   371 |   536 |   142 ||  1049
       Skin              |       |       |       |       |       |     1 ||     1
Dodge: Dodged            |    17 |    44 |    72 |   257 |   365 |    51 ||   806
Block: Kite shield       |    28 |    83 |   165 |   286 |       |       ||   562
       Rpst.: Scimitar   |       |       |       |       |     9 |       ||     9
